TOP OF THE 1ST |
Memphis Blues batting - Pitching for BlackIron Dragons : RHP Johnathan McJannett
|
Pitching: RHP Johnathan McJannett
|
|
Batting: LHB Arturo Rivera
|
0-0: Swinging Strike 0-1: Called Strike 0-2: DOUBLE (Flyball, 9D)
|
Batting: RHB Dave Wookey
|
0-0: Ball 1-0: Fly out, F7 (Flyball, 7M)
|
Batting: RHB Bob Orr
|
0-0: Foul Ball, location: 2F 0-1: Ball 1-1: Ball 2-1: Ball 3-1: Swinging Strike 3-2: Base on Balls
|
Batting: RHB Sadao Kato
|
0-0: Foul Ball, location: 2F 0-1: Ball 1-1: Called Strike 1-2: Foul Ball, location: 2F 1-2: Foul Ball, location: 2F 1-2: Strikes out swinging
|
Batting: RHB Dave O'Neill
|
0-0: Foul Ball, location: 2F 0-1: SINGLE (Groundball, 56D) Arturo Rivera to third Bob Orr to second Runner from 3rd tries for Home, SAFE, no throw or cutoff
|
Batting: LHB Ken Nelson
|
0-0: Ball 1-0: Ball 2-0: Ball 3-0: Base on Balls Bob Orr to third Dave O'Neill to second
|
Batting: RHB Glenn Melican
|
0-0: Ball 1-0: Called Strike 1-1: Foul Ball, location: 2F 1-2: Ball Wild Pitch! Bob Orr scores Dave O'Neill to third Ken Nelson to second 2-2: Strikes out looking
|
Top of the 1st over - 2 run(s), 2 hit(s), 0 error(s), 2 left on base; Memphis 2 - BlackIron 0 |
BOTTOM OF THE 1ST |
BlackIron Dragons batting - Pitching for Memphis Blues : RHP Al Bernhardt
|
Pitching: RHP Al Bernhardt
|
|
Batting: RHB Alfredo Rangel
|
0-0: Called Strike 0-1: Ball 1-1: Foul Ball, location: 2F 1-2: Strikes out looking
|
Batting: RHB Brian Jackson
|
0-0: Foul Ball, location: 2F 0-1: Foul Ball, location: 2F 0-2: Foul Ball, location: 2F 0-2: Ball 1-2: Foul Ball, location: 2F 1-2: Ball 2-2: SINGLE (Groundball, 6MD)
|
Batting: RHB Gil Palmer
|
0-0: Ball 1-0: Swinging Strike 1-1: Foul Ball, location: 2F 1-2: Foul Ball, location: 2F 1-2: Fly out, F4 (Popup, 3DF)
|
Batting: RHB Boyd Pittman
|
0-0: Ball 1-0: Ball 2-0: Foul Ball, location: 2F 2-1: SINGLE (Groundball, 56D) Brian Jackson to second
|
Batting: RHB Leroy Jamison
|
0-0: Ball 1-0: SINGLE (Flyball, 7M) Brian Jackson to third Boyd Pittman to second
|
Batting: LHB Culley Vaughan
|
0-0: Ball 1-0: Foul Ball, location: 2F 1-1: Ball 2-1: Ball 3-1: Called Strike 3-2: Base on Balls Brian Jackson scores Boyd Pittman to third Leroy Jamison to second
|
Batting: LHB Donnie Cunningham
|
0-0: Called Strike 0-1: Ball 1-1: Foul Ball, location: 2F 1-2: Fly out, F6 (Popup, 6MD)
|
Bottom of the 1st over - 1 run(s), 3 hit(s), 0 error(s), 3 left on base; Memphis 2 - BlackIron 1 |
TOP OF THE 2ND |
Memphis Blues batting - Pitching for BlackIron Dragons : RHP Johnathan McJannett
|
Batting: RHB Dale O'Feennaghty
|
0-0: Ball 1-0: Ball 2-0: Swinging Strike 2-1: Swinging Strike 2-2: Strikes out looking
|
Batting: RHB José Herrera
|
0-0: Ball 1-0: Foul Ball, location: 2F 1-1: Foul Ball, location: 2F 1-2: Strikes out looking
|
Batting: LHB Arturo Rivera
|
0-0: Ball 1-0: Swinging Strike 1-1: Ball 2-1: Swinging Strike 2-2: Foul Ball, location: 2F 2-2: Fly out, F7 (Flyball, 78XD)
|
Top of the 2nd over - 0 run(s), 0 hit(s), 0 error(s), 0 left on base; Memphis 2 - BlackIron 1 |
BOTTOM OF THE 2ND |
BlackIron Dragons batting - Pitching for Memphis Blues : RHP Al Bernhardt
|
Batting: LHB Leonard Young
|
0-0: Ball 1-0: Ball 2-0: DOUBLE (Line Drive, 9LS)
|
Batting: RHB Edgardo Carrasco
|
0-0: Called Strike 0-1: Ground out 4-3 (Groundball, 4) Leonard Young to third
|
Batting: RHB Alfredo Rangel
|
0-0: Ball 1-0: Ground out 3-1 (Groundball, 34) Leonard Young scores
|
Batting: RHB Brian Jackson
|
0-0: Ball 1-0: Ball 2-0: SINGLE (Groundball, 4MD)
|
Batting: RHB Gil Palmer
|
0-0: Called Strike 0-1: Ball 1-1: Foul Ball, location: 2F 1-2: Fly out, F8 (Popup, 8LS)
|
Bottom of the 2nd over - 1 run(s), 2 hit(s), 0 error(s), 1 left on base; Memphis 2 - BlackIron 2 |
TOP OF THE 3RD |
Memphis Blues batting - Pitching for BlackIron Dragons : RHP Johnathan McJannett
|
Batting: RHB Dave Wookey
|
0-0: Called Strike 0-1: Ball 1-1: SINGLE (Groundball, 4MD)
|
Batting: RHB Bob Orr
|
0-0: Ball 1-0: Swinging Strike 1-1: Foul Ball, location: 2F 1-2: Strikes out looking
|
Batting: RHB Sadao Kato
|
0-0: Called Strike 0-1: Grounds into double play, 1-6-3 (Groundball, 13S)
|
Top of the 3rd over - 0 run(s), 1 hit(s), 0 error(s), 0 left on base; Memphis 2 - BlackIron 2 |
BOTTOM OF THE 3RD |
BlackIron Dragons batting - Pitching for Memphis Blues : RHP Al Bernhardt
|
Batting: RHB Boyd Pittman
|
0-0: Called Strike 0-1: Called Strike 0-2: Ball 1-2: Strikes out swinging
|
Batting: RHB Leroy Jamison
|
0-0: Called Strike 0-1: Foul Ball, location: 2F 0-2: Strikes out looking
|
Batting: LHB Culley Vaughan
|
0-0: Ball 1-0: Called Strike 1-1: Ball 2-1: Swinging Strike 2-2: Ball 3-2: Strikes out swinging
|
Bottom of the 3rd over - 0 run(s), 0 hit(s), 0 error(s), 0 left on base; Memphis 2 - BlackIron 2 |
TOP OF THE 4TH |
Memphis Blues batting - Pitching for BlackIron Dragons : RHP Johnathan McJannett
|
Batting: RHB Dave O'Neill
|
0-0: Called Strike 0-1: Ball 1-1: Foul Ball, location: 2F 1-2: Ball 2-2: Ground out U3 (Groundball, 3L)
|
Batting: LHB Ken Nelson
|
0-0: Foul Ball, location: 2F 0-1: Ball 1-1: SINGLE (Line Drive, 6D)
|
Batting: RHB Glenn Melican
|
0-0: Ball 1-0: Ball 2-0: Called Strike 2-1: Foul Ball, location: 2F 2-2: SINGLE (Groundball, 56D) (infield hit) Ken Nelson to second
|
Batting: RHB Dale O'Feennaghty
|
0-0: Ball 1-0: Ball 2-0: Foul Ball, location: 2F 2-1: Ball 3-1: Base on Balls Ken Nelson to third Glenn Melican to second
|
Batting: RHB José Herrera
|
0-0: Ball 1-0: Foul Ball, location: 2F 1-1: Ball 2-1: Foul Ball, location: 2F 2-2: Ball 3-2: Foul Ball, location: 2F 3-2: Base on Balls Ken Nelson scores Glenn Melican to third Dale O'Feennaghty to second
|
Pitching: RHP Víctor Ventura
|
|
Batting: LHB Arturo Rivera
|
0-0: Called Strike 0-1: Ball 1-1: Swinging Strike 1-2: Foul Ball, location: 2F 1-2: Fly out, F8 (Flyball, 8LD) Runner from 3rd tags up, SCORES, no throw
|
Batting: RHB Dave Wookey
|
0-0: Ball 1-0: Swinging Strike 1-1: Swinging Strike 1-2: Ball 2-2: Strikes out swinging
|
Top of the 4th over - 2 run(s), 2 hit(s), 0 error(s), 2 left on base; Memphis 4 - BlackIron 2 |
BOTTOM OF THE 4TH |
BlackIron Dragons batting - Pitching for Memphis Blues : RHP Al Bernhardt
|
Batting: LHB Donnie Cunningham
|
0-0: Called Strike 0-1: Foul Ball, location: 2F 0-2: Foul Ball, location: 2F 0-2: Strikes out swinging
|
Batting: LHB Leonard Young
|
0-0: Swinging Strike 0-1: Ball 1-1: Foul Ball, location: 2F 1-2: Strikes out looking
|
Batting: RHB Edgardo Carrasco
|
0-0: Called Strike 0-1: Foul Ball, location: 2F 0-2: Foul Ball, location: 2F 0-2: Strikes out swinging
|
Bottom of the 4th over - 0 run(s), 0 hit(s), 0 error(s), 0 left on base; Memphis 4 - BlackIron 2 |
TOP OF THE 5TH |
Memphis Blues batting - Pitching for BlackIron Dragons : RHP Víctor Ventura
|
Batting: RHB Bob Orr
|
0-0: Ground out 5-3 (Groundball, 5L)
|
Batting: RHB Sadao Kato
|
0-0: Ball 1-0: Fly out, F3 (Line Drive, 34)
|
Batting: RHB Dave O'Neill
|
0-0: Ball 1-0: Fly out, F7 (Line Drive, 7D)
|
Top of the 5th over - 0 run(s), 0 hit(s), 0 error(s), 0 left on base; Memphis 4 - BlackIron 2 |
BOTTOM OF THE 5TH |
BlackIron Dragons batting - Pitching for Memphis Blues : RHP Al Bernhardt
|
Batting: RHB Alfredo Rangel
|
0-0: Ball 1-0: Ball 2-0: Ground out 6-3 (Groundball, 6)
|
Batting: RHB Brian Jackson
|
0-0: Ball 1-0: Called Strike 1-1: Ball 2-1: Ground out 4-3 (Groundball, 4)
|
Batting: RHB Gil Palmer
|
0-0: Ground out 6-3 (Groundball, 6M)
|
Bottom of the 5th over - 0 run(s), 0 hit(s), 0 error(s), 0 left on base; Memphis 4 - BlackIron 2 |
TOP OF THE 6TH |
Memphis Blues batting - Pitching for BlackIron Dragons : RHP Víctor Ventura
|
Batting: LHB Ken Nelson
|
0-0: Foul Ball, location: 2F 0-1: Ball 1-1: Foul Ball, location: 2F 1-2: Ball 2-2: Strikes out looking
|
Batting: RHB Glenn Melican
|
0-0: Called Strike 0-1: Ball 1-1: Swinging Strike 1-2: Strikes out looking
|
Batting: RHB Dale O'Feennaghty
|
0-0: Ball 1-0: Ball 2-0: Foul Ball, location: 2F 2-1: Called Strike 2-2: Fly out, F8 (Flyball, 8RS)
|
Top of the 6th over - 0 run(s), 0 hit(s), 0 error(s), 0 left on base; Memphis 4 - BlackIron 2 |
BOTTOM OF THE 6TH |
BlackIron Dragons batting - Pitching for Memphis Blues : RHP Al Bernhardt
|
Batting: RHB Boyd Pittman
|
0-0: Ball 1-0: Ball 2-0: Swinging Strike 2-1: Ball 3-1: Base on Balls
|
Batting: RHB Leroy Jamison
|
0-0: Ball 1-0: Ball 2-0: Called Strike 2-1: Ball 3-1: Base on Balls Boyd Pittman to second
|
Batting: LHB Culley Vaughan
|
0-0: Ball 1-0: Called Strike Boyd Pittman is caught stealing 3rd base Leroy Jamison to second 1-1: Ball 2-1: Foul Ball, location: 2F 2-2: Foul Ball, location: 2F 2-2: Ball 3-2: Strikes out swinging
|
Pitching: RHP Rafael Ressureio
|
|
Batting: LHB Donnie Cunningham
|
0-0: Ball 1-0: Called Strike 1-1: Foul Ball, location: 2F 1-2: Fly out, F8 (Flyball, 8LM)
|
Bottom of the 6th over - 0 run(s), 0 hit(s), 0 error(s), 1 left on base; Memphis 4 - BlackIron 2 |
TOP OF THE 7TH |
Memphis Blues batting - Pitching for BlackIron Dragons : RHP Víctor Ventura
|
Pitching: RHP Bill McKinney
|
|
Batting: RHB José Herrera
|
0-0: Fly out, F7 (Flyball, 7S)
|
Batting: LHB Arturo Rivera
|
0-0: SINGLE (Groundball, 4M)
|
Batting: RHB Dave Wookey
|
0-0: Called Strike Arturo Rivera steals 2nd base 0-1: Fly out, F7 (Flyball, 78M)
|
Batting: RHB Bob Orr
|
0-0: Called Strike 0-1: Called Strike 0-2: Foul Ball, location: 2F 0-2: Strikes out swinging
|
Top of the 7th over - 0 run(s), 1 hit(s), 0 error(s), 1 left on base; Memphis 4 - BlackIron 2 |
BOTTOM OF THE 7TH |
BlackIron Dragons batting - Pitching for Memphis Blues : RHP Rafael Ressureio
|
Batting: LHB Leonard Young
|
0-0: Ball 1-0: Swinging Strike 1-1: Ground out 4-3 (Groundball, 4)
|
Batting: RHB Edgardo Carrasco
|
0-0: Ball 1-0: Swinging Strike 1-1: Foul Ball, location: 2F 1-2: Foul Ball, location: 2F 1-2: Strikes out looking
|
Batting: RHB Alfredo Rangel
|
0-0: Called Strike 0-1: Swinging Strike 0-2: Fly out, F5 (Popup, 5S)
|
Bottom of the 7th over - 0 run(s), 0 hit(s), 0 error(s), 0 left on base; Memphis 4 - BlackIron 2 |
TOP OF THE 8TH |
Memphis Blues batting - Pitching for BlackIron Dragons : RHP Bill McKinney
|
Batting: RHB Sadao Kato
|
0-0: Ball 1-0: Foul Ball, location: 2F 1-1: Swinging Strike 1-2: Ball 2-2: Foul Ball, location: 2F 2-2: Foul Ball, location: 2F 2-2: Foul Ball, location: 2F 2-2: Foul Ball, location: 2F 2-2: Ball 3-2: Base on Balls
|
Batting: RHB Dave O'Neill
|
0-0: Foul Ball, location: 2F 0-1: 2-RUN HOME RUN (Flyball, 7LD), Distance : 384 ft
|
Batting: LHB Ken Nelson
|
0-0: Called Strike 0-1: Foul Ball, location: 2F 0-2: Ball 1-2: Ball 2-2: Ball 3-2: Strikes out swinging
|
Batting: RHB Glenn Melican
|
0-0: Called Strike 0-1: Ball 1-1: Ball 2-1: Called Strike 2-2: Fly out, F7 (Flyball, 78S)
|
Batting: RHB Dale O'Feennaghty
|
0-0: Foul Ball, location: 2F 0-1: Ball 1-1: Ball 2-1: Ground out 6-3 (Groundball, 6)
|
Top of the 8th over - 2 run(s), 1 hit(s), 0 error(s), 0 left on base; Memphis 6 - BlackIron 2 |
BOTTOM OF THE 8TH |
BlackIron Dragons batting - Pitching for Memphis Blues : RHP Rafael Ressureio
|
Batting: RHB Brian Jackson
|
0-0: Foul Ball, location: 2F 0-1: Ball 1-1: Ball 2-1: Ground out 5-3 (Groundball, 56S)
|
Batting: RHB Gil Palmer
|
0-0: Foul Ball, location: 2F 0-1: Ball 1-1: Ball 2-1: Ball 3-1: Foul Ball, location: 2F 3-2: SINGLE (Line Drive, 7LS)
|
Batting: RHB Boyd Pittman
|
0-0: SINGLE (Flyball, 8RS) Gil Palmer to second
|
Pitching: RHP David Bates
|
|
Batting: RHB Leroy Jamison
|
0-0: Ball 1-0: Swinging Strike 1-1: Foul Ball, location: 2F 1-2: Ground out 4-3 (Groundball, 4M) Gil Palmer to third Boyd Pittman to second
|
Pitching: LHP Ramón Vázquez
|
|
Batting: LHB Culley Vaughan
|
0-0: Called Strike 0-1: Swinging Strike 0-2: Strikes out looking
|
Bottom of the 8th over - 0 run(s), 2 hit(s), 0 error(s), 2 left on base; Memphis 6 - BlackIron 2 |
TOP OF THE 9TH |
Memphis Blues batting - Pitching for BlackIron Dragons : RHP Bill McKinney
|
Batting: RHB José Herrera
|
0-0: Ball 1-0: Ball 2-0: Ball 3-0: Base on Balls
|
Batting: LHB Arturo Rivera
|
0-0: Sac Bunt - play at first, batter OUT! U3 José Herrera to second
|
Batting: RHB Dave Wookey
|
0-0: Called Strike 0-1: Swinging Strike 0-2: Foul Ball, location: 2F 0-2: Ball 1-2: Foul Ball, location: 2F 1-2: Ground out 6-3 (Groundball, 6) José Herrera to third
|
Batting: RHB Bob Orr
|
0-0: Ball 1-0: Ground out 1-3 (Groundball, 15)
|
Top of the 9th over - 0 run(s), 0 hit(s), 0 error(s), 1 left on base; Memphis 6 - BlackIron 2 |
BOTTOM OF THE 9TH |
BlackIron Dragons batting - Pitching for Memphis Blues : LHP Ramón Vázquez
|
Batting: LHB Donnie Cunningham
|
0-0: Ball 1-0: Ball 2-0: Bunt missed! 2-1: Foul Ball, location: 2F 2-2: Ball 3-2: Foul Ball, location: 2F 3-2: DOUBLE (Flyball, 8LM)
|
Batting: LHB Leonard Young
|
0-0: 2-RUN HOME RUN (Flyball, 89XD), Distance : 413 ft
|
Pitching: RHP Jerry Poole
|
|
Batting: RHB Edgardo Carrasco
|
0-0: Ball 1-0: Ball 2-0: Swinging Strike 2-1: Foul Ball, location: 2F 2-2: Foul Ball, location: 2F 2-2: Ball 3-2: Fly out, F8 (Flyball, 8RM)
|
Batting: RHB Alfredo Rangel
|
0-0: Called Strike 0-1: Ball 1-1: Fly out, F7 (Flyball, 7M)
|
Batting: RHB Brian Jackson
|
0-0: Ball 1-0: Called Strike 1-1: Fly out, F8 (Flyball, 8RXD)
|
Bottom of the 9th over - 2 run(s), 2 hit(s), 0 error(s), 0 left on base; Memphis 6 - BlackIron 4 |
|